 Dungeon Crawl Stone Soup version 0.02-202-gb41bd04 (webtiles) character file.

Game seed: 2647278028358285715, levelgen mode: deterministic

3113 Kalegnar the Thaumaturge (level 9, 0/6 HPs) Fairy Air Elementalist. Began on Nov 4, 2020. Was a Follower of Ashenzari. Slain by an iron imp (1 damage) ... on level 4 of the Dungeon. The game lasted 00:24:21 (3075 turns).

Kalegnar the Thaumaturge (Fairy Air Elementalist)   Turns: 3075, Time: 00:24:22

Health: 0/6        AC:  0    Str:  2    XL:     9 ^: 1080
Magic:  0/4        EV: 29    Int: 20    God:    Ashenzari [1* [32]]
Gold:   246        SH:  0    Dex: 19    Spells: 9/27 levels left

rFire    . . .     Vision   .   o - ring of Shadows {Umbra +Inv Stlth+, (Curse: *Corrode)} (curse)
rCold    . . .     Gourm    .
rNeg     . . .     Faith    .
rPois    .         Spirit   .
rElec    .         Reflect  .
rCorr    .         Harm     .
MR       +....
Stlth    +++.......
HPRegen  0.12/turn
MPRegen  0.14/turn

@: sluggish, flying, lightly drained, very slow
A: tiny, no armour or weapons, only one jewelry slot, no melee attacks, fairy
magic, fairy shield, fairy light, decreased potion and divine healing, slowness
1, able to fly, insubstantial
a: Stop Flying, Curse Item, Renounce Religion, Evoke Invisibility


You were on level 4 of the Dungeon.
You worshipped Ashenzari.
Ashenzari was aware of your devotion.
You were hungry.

You visited 1 branch of the dungeon, and saw 4 of its levels.

You collected 246 gold pieces.

Inventory:

Jewellery
 o - the cursed ring of Shadows (around core) {Umbra +Inv Stlth+, (Curse: *Corrode)}
   (You took it off an orc priest on level 4 of the Dungeon)

   [ring of stealth]

   It lets you turn invisible.
   It makes you more stealthy.
   It has a curse placed upon it.
   { (Curse: *Corrode)}
Scrolls
 f - 4 scrolls of teleportation
 g - a scroll of fear
 h - a scroll of bless item
 k - 2 scrolls of amnesia
 m - 3 scrolls of enchantment
Potions
 a - 2 potions of agility
 d - 2 potions of brilliance
 e - 3 potions of might
 i - a potion of invisibility
 j - 4 potions of curing
 l - 2 potions of heal wounds
 n - 4 potions of ambrosia
Comestibles
 b - 9 rations
 c - 3 chunks of flesh


   Skills:
 + Level 5.8(5.5) Dodging
 - Level 1.4(1.2) Stealth
 + Level 9.8(9.6) Spellcasting
 + Level 3.5(3.2) Hexes
 + Level 9.3(9.0) Air Magic


You had 9 spell levels left.
You knew the following spells:

 Your Spells              Type           Power        Failure   Level  Hunger
a - Shock                 Air            25 (25)      1%          1    None
b - Swiftness             Chrm/Air       27 (100)     1%          2    None
c - Static Discharge      Air            45 (100)     1%          3    None
d - Airstrike             Air            45 (200)     1%          4    ##.....
e - Lightning Bolt        Air            45 (200)     4%          5    #####..
f - Confuse               Hex            22 (100)     5%          3    None

Your spell library contained the following spells:

 Spells                   Type           Power        Failure   Level  Hunger
 Confusing Touch          Hex            22 (50)      1%          1    None
 Gell's Gravitas          Tloc           9 (200)      22%         3    None
 Petrify                  Tmut/Erth      9 (100)      58%         4    ##.....
 Yara's Violent Unravell  Hex/Tmut       16 (200)     71%         5    #####..


Dungeon Overview and Level Annotations

Branches:
Dungeon (4/8)
 Temple: D:4

Altars:
Ashenzari
Zin


Innate Abilities, Weirdness & Mutations

You are too small to use any gear.
You can wear a single ring or amulet completely around your body.
You are incapable of melee of any kind.
Your magic reserves are extremely low but spells that normally cost one mana are free and all other spells cost one mana.
You are extremely frail but all attacks that strike you do exactly one damage.
You exude a bright light in a small radius around yourself.
The effect of potions and godly healing effects is reduced to match your tiny health and magic reserves.
You cover ground slowly.
You can fly continuously.
Your insubstantial form boosts your evasion and grants immunity to sticky flames, nets and constriction.


Message History

Confirm with . or Enter, or press ? or * to list all spells.
Aiming: Shock (safe; 1% risk of failure)
Press: ? - help, Shift-Dir - straight line, f - wight, p - sky beast
Aim: a wight, wielding a +2 vampiric trident, wearing a +0 robe and wearing a cursed ring of evasion {(Curse: Fragile)} (moderately damaged (13/17))
The zap hits the wight (1).
The wight is moderately damaged. (12/17) HP The howler monkey zaps a wand.
The stream of webbing misses you.
The sky beast completely misses you (0).
The wight hits you from afar with a +2 vampiric trident (9)!
The wight draws strength from your wounds (1).
Casting: Shock (safe; 1% risk of failure)
Confirm with . or Enter, or press ? or * to list all spells.
Aiming: Shock (safe; 1% risk of failure)
Press: ? - help, Shift-Dir - straight line, f/p - wight
Aim: a wight, wielding a +2 vampiric trident, wearing a +0 robe and wearing a cursed ring of evasion {(Curse: Fragile)} (moderately damaged (13/17))
The zap misses the howler monkey.
The zap misses the wight.
The sky beast closely misses you (0). The howler monkey hits you (4).
* * * LOW HITPOINT WARNING * * *
The iron imp hits you (11)!
You die...

..######............#
...........#######..#
...........# #<.#
)..........# #..#
..######...# #..#
#.÷.# #..# #.z.# #..#
5Yh†# #..# #@..# #..#
#..†# #..# #..†# #..#
#...# #..# #...# #..#
#####...# #..#
........#######..#
.................#
##################


You could see a sky beast, a howler monkey, an iron imp and a wight.

Vanquished Creatures
  Sigmund (D:3)
  Eustachio (D:3)
  Menkaure (D:2)
  Edmund (D:3)
  An orc warrior (D:4)
  A slime creature (D:2)
  A porcupine (D:4)
  2 ice beasts (D:4)
  An ogre (D:3)
  A crocodile (D:2)
  6 big kobolds
  2 bullfrogs (D:4)
  4 howler monkeys (D:4)
  2 wights (D:4)
  A crimson imp (D:4)
  2 orc priests (D:4)
  2 hounds (D:4)
  7 jellies (D:2)
  An orc wizard (D:4)
  4 iguanas
  2 worker ants
  5 giant cockroaches
  A bullfrog zombie (D:4)
  3 bullfrog skeletons (D:4)
  A porcupine skeleton (D:3)
  A shadow imp (D:3)
  5 adders
  4 gnolls (D:3)
  18 sewer rats (D:2)
  12 cinder newts
  8 worms
  An ooze (D:2)
  4 leopard geckos
  15 orcs
  A cinder newt skeleton (D:2)
  A goblin (D:1)
  A hobgoblin (D:1)
  6 jackals
  9 ball pythons
  4 bats
  A hobgoblin skeleton (D:2)
  32 kobolds
  A leopard gecko skeleton (D:3)
  An orc skeleton (D:2)
  2 rats
  3 withered plants (D:2)
184 creatures vanquished.

Vanquished Creatures (others)
  4 sewer rats (D:2)
  A plant (D:4)
  156 withered plants (D:2)
161 creatures vanquished.

Grand Total: 345 creatures vanquished

Notes
Turn   | Place    | Note
-------+----------+-------------------------------------------
     0 | D:1      | Kalegnar the Fairy Air Elementalist began the quest for the
                  | Orb.
     0 | D:1      | Reached XP level 1. HP: 3/3 MP: 3/3
   163 | D:1      | Reached XP level 2. HP: 3/3 MP: 3/3
   167 | D:1      | Learned a level 2 spell: Swiftness
   283 | D:1      | Reached XP level 3. HP: 1/4 MP: 3/3
   309 | D:1      | Learned a level 3 spell: Static Discharge
   594 | D:1      | Reached XP level 4. HP: 4/4 MP: 3/3
   977 | D:2      | Noticed a big kobold
   977 | D:2      | Identified the cursed ring "Ingestro" {*Slow EV+5 Str+6,
                  | (Curse: Fragile rF-)}
   991 | D:1      | Killed a big kobold
   991 | D:1      | Reached XP level 5. HP: 2/4 MP: 3/3
   997 | D:1      | Learned a level 4 spell: Airstrike
  1058 | D:2      | Found a shattered altar of Ashenzari.
  1142 | D:2      | Reached skill level 5 in Dodging
  1167 | D:2      | Reached XP level 6. HP: 5/5 MP: 3/3
  1212 | D:2      | Reached skill level 5 in Spellcasting
  1212 | D:2      | Reached skill level 5 in Air Magic
  1268 | D:2      | Reached XP level 7. HP: 5/5 MP: 3/3
  1275 | D:2      | Learned a level 5 spell: Lightning Bolt
  1666 | D:2      | Reached XP level 8. HP: 4/5 MP: 3/3
  1691 | D:2      | Found a glowing silver altar of Zin.
  1757 | D:2      | Noticed Menkaure
  1767 | D:2      | Killed Menkaure
  2255 | D:2      | Became a worshipper of Ashenzari the Ephemeral
  2276 | D:3      | Noticed Eustachio
  2284 | D:3      | Killed Eustachio
  2431 | D:3      | Noticed Edmund
  2441 | D:3      | Killed Edmund
  2470 | D:3      | Noticed Sigmund
  2479 | D:3      | Killed Sigmund
  2506 | D:3      | Learned a level 3 spell: Confuse
  2526 | D:3      | Reached XP level 9. HP: 6/6 MP: 4/4
  2774 | D:4      | Reached skill level 1 in Hexes
  2986 | D:4      | Reached * piety under Ashenzari
  3041 | D:4      | Identified the cursed ring "Zoeddois" {rC+ Dex-3 +Vis
                  | Stlth+, (Curse: Fragile MR-)}
  3075 | D:4      | Slain by an iron imp

Levels and vault maps discovered:
D:1:      dpeg_arrival_three_same_balls, layout_basic, minmay_misc_feat_room,
          cheibrodos_sewer_entry_bend
D:2:      layout_sewer, bcadren_lemuel_inverted_doored_altar, elyvilon_niche,
          first_ration, uniq_menkaure
D:3:      layout_basic, uniq_sigmund, uniq_eustachio, uniq_edmund
D:4:      miniossuary_kennysheep_ghosthouse, layout_long_grid,
          good_gods_temple_1, fedhas_ov_isle_minmay, lightli_temple_of_fire,
          minmay_temple_entry_poolview

Skill      XL: |  1  2  3  4  5  6  7  8  9 |
---------------+----------------------------+-----
Dodging        | 3 4 5 |  5.8
Spellcasting   | 3 4 5 7 9 |  9.8
Air Magic      | 4 5 6 8 9 |  9.3
Hexes          | 3 |  3.5
Stealth        | |  1.4

Action                   |  1- 3 |  4- 6 |  7- 9 || total
-------------------------+-------+-------+-------++-------
 Cast: Shock             |    43 |   104 |   329 ||   476
       Static Discharge  |       |     1 |     8 ||     9
       Airstrike         |       |       |    10 ||    10
       Swiftness         |       |       |     2 ||     2
Invok: Curse Item        |       |       |     1 ||     1
 Abil: Fly               |     1 |       |       ||     1
  Eat: Chunk             |       |     2 |     6 ||     8
Dodge: Dodged            |     8 |    25 |   111 ||   144
